 Dungeon Crawl Stone Soup version 0.22.0-38-g04b72b8c25 (webtiles) character file.

398 loom the Charmwright (level 6, 0/51 HPs)
             Began as a Gnoll Skald on Aug 26, 2018.
             Was an Initiate of Okawaru.
             Slain by Grinder (8 damage)
             ... on level 4 of the Dungeon.
             The game lasted 00:07:12 (3177 turns).

loom the Charmwright (Gnoll Skald)                  Turns: 3177, Time: 00:07:13

Health: 0/51       AC:  3    Str: 14    XL:     6   Next: 83%
Magic:  4/14       EV: 14    Int: 16    God:    Okawaru [......]
Gold:   157        SH:  0    Dex: 15    Spells: 4/15 levels left

rFire    . . .     SeeInvis .   a - +1 spear
rCold    . . .     Gourm    .   (no shield)
rNeg     . . .     Faith    .   q - +0 leather armour
rPois    .         Spirit   .   (no helmet)
rElec    .         Reflect  .   (no cloak)
rCorr    .         Harm     .   (no gloves)
MR       +....                  (no boots)
Stlth    +++.......             (no amulet)
HPRegen  0.17/turn              g - ring of protection from magic
MPRegen  0.14/turn              o - ring of stealth

@: very slightly contaminated
A: distributed training, fangs 1, strong nose
a: Renounce Religion


You were on level 4 of the Dungeon.
You worshipped Okawaru.
Okawaru was noncommittal.
You were not hungry.

You visited 1 branch of the dungeon, and saw 4 of its levels.

You collected 157 gold pieces.

Inventory:

Hand Weapons
 a - a +1 spear (weapon)
 b - a +0 falchion of draining
 r - a +0 trident
Armour
 q - a +0 leather armour (worn)
Jewellery
 g - a ring of protection from magic (left hand)
 i - an uncursed ring of wizardry
 o - a ring of stealth (right hand)
Wands
 n - a wand of flame (21)
 s - a wand of clouds (4)
 w - a wand of iceblast (6)
Scrolls
 e - 3 scrolls of identify
 f - a scroll of remove curse
Potions
 c - a potion of ambrosia {unknown}
 h - 2 potions of mutation {unknown}
 j - 2 potions of flight {unknown}
 k - a potion of might
 m - a potion of curing {unknown}
 p - a potion of brilliance {unknown}
 t - a potion of agility {unknown}
 u - a potion of haste {unknown}
 v - a potion of cancellation {unknown}
Comestibles
 d - 5 rations


   Skills:
 + Level 5.0 Fighting
 + Level 2.1 Short Blades
 + Level 2.1 Long Blades
 + Level 2.1 Axes
 + Level 2.1 Maces & Flails
 + Level 5.0 Polearms
 + Level 2.1 Staves
 + Level 2.1 Slings
 + Level 2.1 Bows
 + Level 2.1 Crossbows
 + Level 2.1 Throwing
 + Level 3.3 Armour
 + Level 5.0 Dodging
 + Level 2.1 Stealth
 + Level 2.1 Shields
 + Level 2.1 Unarmed Combat
 + Level 5.4 Spellcasting
 + Level 1.6 Conjurations
 + Level 1.6 Hexes
 + Level 5.7 Charms
 + Level 1.6 Summonings
 + Level 1.6 Necromancy
 + Level 1.6 Translocations
 + Level 1.6 Transmutations
 + Level 1.6 Fire Magic
 + Level 1.6 Ice Magic
 + Level 1.6 Air Magic
 + Level 1.6 Earth Magic
 + Level 1.6 Poison Magic
 + Level 2.3 Invocations
 + Level 2.1 Evocations


You had 4 spell levels left.
You knew the following spells:

 Your Spells              Type           Power        Failure   Level  Hunger
a - Infusion              Chrm           ###.         1%          1    None
b - Shroud of Golubria    Chrm/Tloc      ###.......   6%          2    #......
c - Song of Slaying       Chrm           ###.....     2%          2    #......
k - Spectral Weapon       Hex/Chrm       ###.....     12%         3    ###....
z - Regeneration          Chrm/Necr      ###.......   12%         3    ###....

Your spell library contained the following spells:

 Spells                   Type           Power        Failure   Level  Hunger
 Confusing Touch          Hex            #.....       9%          1    None
 Magic Dart               Conj           #...         9%          1    None
 Searing Ray              Conj           #.....       14%         2    #......
 Confuse                  Hex            #.......     26%         3    ###....
 Dazzling Spray           Conj/Hex       #.....       26%         3    ###....
 Gell's Gravitas          Tloc           #.........   26%         3    ###....
 Force Lance              Conj/Tloc      #.......     65%         4    ####...
 Fulminant Prism          Conj/Hex       #.........   65%         4    ####...
 Iskenderun's Mystic Bla  Conj           #.......     65%         4    ####...
 Petrify                  Tmut/Erth      #.......     65%         4    ####...
 Metabolic Englaciation   Hex/Ice        #.........   94%         5    ######.
 Yara's Violent Unravell  Hex/Tmut       #.........   94%         5    ######.


Dungeon Overview and Level Annotations

Branches:
Dungeon (4/15)
 Temple: D:4-7

Altars:
Okawaru
Uskayaw
The Shining One

Annotations:
D:4 Grinder


Innate Abilities, Weirdness & Mutations

Your experience applies equally to all skills.
You have very sharp teeth.
Your uncanny sense of smell can sniff out nearby items.


Message History

Your spectral weapon disappears as you unwield.
a - a +1 spear (weapon)
Casting: Regeneration (safe; 12% risk of failure)
Confirm with . or Enter, or press ? or * to list all spells.
You draw out your weapon's spirit!
Attack whom?
Press: ? - help, Dir - move target cursor, f - Grinder
Aim: Grinder (heavily wounded)
You hit Grinder. Your bite misses Grinder.
Grinder is severely wounded.
Grinder barely misses you.
Your spectral weapon hits Grinder from afar.
Attack whom?
Press: ? - help, Dir - move target cursor, f/p - Grinder
Aim: Grinder (severely wounded)
You closely miss Grinder.
Grinder is severely wounded.
Your spectral weapon hits Grinder but does no damage.
Grinder hits you!
You die...

# ##'## #. ### #.#
#.# ##.## #.# #.#
##>..###.## ##
#.###.....#...# #.#
##%............
#.###[###.....#...#
##(#.## ##...##..##
#.@..# ##........
#+5.+# #####..##
#....# ##..##
#....# #.....
##...# #.#.## ##.##
###...## ##.
#....... # ##
##.##.##.
#.##..#...#.


You could see Grinder and a friendly spectral spear.

Vanquished Creatures
  A phantom (D:4)
  A hound (D:4)
  An orc wizard (D:3)
  An iguana (D:4)
  Ijyb (D:4)
  7 adders
  An ooze (D:1)
  5 worms
  A dart slug (D:3)
  2 leopard geckos (D:2)
  7 orcs (D:3)
  8 giant cockroaches
  7 goblins
  9 hobgoblins
  18 jackals
  6 kobolds
  A quokka (D:3)
  6 bats
  8 frilled lizards
  14 rats
105 creatures vanquished.

Notes
Turn   | Place    | Note
-------+----------+-------------------------------------------
     0 | D:1      | loom the Gnoll Skald began the quest for the Orb.
     0 | D:1      | Reached XP level 1. HP: 20/20 MP: 6/6
    46 | D:1      | Reached XP level 2. HP: 25/26 MP: 0/7
    54 | D:1      | Learned a level 2 spell: Shroud of Golubria
   370 | D:1      | Reached XP level 3. HP: 25/31 MP: 1/9
   375 | D:1      | Learned a level 3 spell: Regeneration
   379 | D:1      | Learned a level 3 spell: Spectral Weapon
   382 | D:1      | Learned a level 2 spell: Song of Slaying
   549 | D:1      | Reached skill level 5 in Spellcasting
   652 | D:2      | Reached skill level 1 in Invocations
   914 | D:2      | Found a hide-covered altar of Uskayaw.
   926 | D:2      | Reached skill level 1 in Short Blades
   926 | D:2      | Reached skill level 1 in Long Blades
   926 | D:2      | Reached skill level 1 in Axes
   926 | D:2      | Reached skill level 1 in Maces & Flails
   926 | D:2      | Reached skill level 1 in Staves
   926 | D:2      | Reached skill level 1 in Slings
   926 | D:2      | Reached skill level 1 in Bows
   926 | D:2      | Reached skill level 1 in Crossbows
   926 | D:2      | Reached skill level 1 in Throwing
   926 | D:2      | Reached skill level 1 in Stealth
   926 | D:2      | Reached skill level 1 in Shields
   926 | D:2      | Reached skill level 1 in Unarmed Combat
   926 | D:2      | Reached skill level 1 in Evocations
   995 | D:2      | Reached XP level 4. HP: 29/38 MP: 7/11
  1309 | D:2      | Reached skill level 1 in Conjurations
  1309 | D:2      | Reached skill level 1 in Hexes
  1309 | D:2      | Reached skill level 1 in Summonings
  1309 | D:2      | Reached skill level 1 in Necromancy
  1309 | D:2      | Reached skill level 1 in Translocations
  1309 | D:2      | Reached skill level 1 in Transmutations
  1309 | D:2      | Reached skill level 1 in Fire Magic
  1309 | D:2      | Reached skill level 1 in Ice Magic
  1309 | D:2      | Reached skill level 1 in Air Magic
  1309 | D:2      | Reached skill level 1 in Earth Magic
  1309 | D:2      | Reached skill level 1 in Poison Magic
  1546 | D:3      | Reached XP level 5. HP: 35/43 MP: 8/12
  2036 | D:3      | Found a glowing golden altar of the Shining One.
  2471 | D:4      | Noticed Ijyb
  2485 | D:4      | Killed Ijyb
  2487 | D:4      | Reached XP level 6. HP: 50/50 MP: 11/13
  2897 | D:4      | Noticed a phantom
  2944 | D:4      | Killed a phantom
  2944 | D:4      | Reached skill level 5 in Fighting
  2944 | D:4      | Reached skill level 5 in Polearms
  2944 | D:4      | Reached skill level 5 in Dodging
  3077 | D:4      | Found an iron altar of Okawaru.
  3082 | D:4      | Became a worshipper of Warmaster Okawaru
  3156 | D:4      | Noticed Grinder
  3164 | D:4      | Paralysed by Grinder for 4 turns
  3177 | D:4      | Slain by Grinder

Skill      XL: |  1  2  3  4  5  6 |
---------------+-------------------+-----
Spellcasting   | 5 |  5.4
Invocations    | 1 2 |  2.3
Short Blades   | 1 2 |  2.1
Long Blades    | 1 2 |  2.1
Axes           | 1 2 |  2.1
Maces & Flails | 1 2 |  2.1
Staves         | 1 2 |  2.1
Slings         | 1 2 |  2.1
Bows           | 1 2 |  2.1
Crossbows      | 1 2 |  2.1
Throwing       | 1 2 |  2.1
Stealth        | 1 2 |  2.1
Shields        | 1 2 |  2.1
Unarmed Combat | 1 2 |  2.1
Evocations     | 1 2 |  2.1
Conjurations   | 1 |  1.6
Hexes          | 1 |  1.6
Summonings     | 1 |  1.6
Necromancy     | 1 |  1.6
Translocations | 1 |  1.6
Transmutations | 1 |  1.6
Fire Magic     | 1 |  1.6
Ice Magic      | 1 |  1.6
Air Magic      | 1 |  1.6
Earth Magic    | 1 |  1.6
Poison Magic   | 1 |  1.6
Armour         | 3 |  3.3
Fighting       | 5 |  5.0
Polearms       | 5 |  5.0
Dodging        | 5 |  5.0
Charms         | |  5.7

Action                   |  1- 3 |  4- 6 || total
-------------------------+-------+-------++-------
Melee: Spear             |    79 |   152 ||   231
       Bite              |     5 |    30 ||    35
       Falchion          |       |    93 ||    93
 Cast: Infusion          |    12 |       ||    12
       Spectral Weapon   |     4 |    25 ||    29
       Regeneration      |       |     1 ||     1
  Use: Scroll            |     2 |     5 ||     7
 Stab: Sleeping          |     1 |     6 ||     7
       Distracted        |     1 |       ||     1
  Eat: Chunk             |       |    10 ||    10
Armor: Leather armour    |     7 |    44 ||    51
Dodge: Dodged            |    38 |   139 ||   177
       Rpst.: Falchion   |       |    28 ||    28
